Map: Eternal Empire LE

Players

Throwfordays - Winner!

  • Race: Zerg Zerg
  • League: Silver
  • Spawn Location: 7:00

Bando

  • Race: Terran Terran
  • Spawn Location: 1:00

VOD

Have the link to the VOD?

Description

Time

  • Played on: July 19, 2020, 10:24 p.m.
  • Length: 5:41
Show
View Real Time Build Order
Export as new Build Order

Throwfordays Zerg - Winner!

Build Orders: Hatch First, Zergling Baneling 

Get SALT Encoding   

  12  0:01  Drone  
  13  0:12  Overlord  
  13  0:17  Drone  
  14  0:32  Drone x2  
  16  0:52  Drone  
  16  0:54  Hatchery  
  16  1:06  Spawning Pool  
  16  1:10  Drone  
  16  1:14  Drone  
  16  1:17  Drone  
  18  1:20  Extractor  
  18  1:25  Drone  
  18  1:32  Drone  
  19  1:48  Overlord  
  19  1:56  Zergling x2, Queen  
  22  2:05  Queen  
  22  2:06  Zergling x2  
  25  2:24  Zergling x4  
  25  2:26  Metabolic Boost  
  25  2:28  Drone x2  
  29  2:37  Extractor, Drone x2  
  30  2:44  Drone  
  30  2:48  Drone  
  32  2:52  Baneling Nest  
  31  3:05  Drone x2  
  33  3:07  Overlord x2  
  33  3:12  Zergling x6  
  36  3:18  Overlord  
  36  3:36  Zergling x6  
  36  3:39  Lair  
  39  3:46  Drone x4  
  43  3:48  Drone  
  43  3:50  Drone  
  45  4:11  Baneling x4  
  45  4:12  Baneling x6  
  45  4:20  Zergling x6  
  45  4:23  Zergling x10  
  53  4:30  Zergling x6  
  51  4:52  Zergling x4  
  53  4:56  Zergling x6  
  53  4:57  Zergling x6  
Show
View Real Time Build Order
Export as new Build Order

Bando Terran 

Build Orders:  

Get SALT Encoding   

  12  0:02  SCV  
  13  0:17  Supply Depot  
  13  0:18  SCV  
  14  0:30  SCV  
  15  0:40  Barracks  
  16  0:42  SCV  
  16  1:00  Refinery  
  16  1:07  SCV  
  17  1:19  Supply Depot, SCV  
  18  1:29  Barracks  
  18  1:41  Marine, Supply Depot  
  19  1:57  SCV  
  19  1:59  Marine  
  21  2:04  Engineering Bay  
  21  2:13  SCV  
  22  2:17  Marine  
  22  2:19  Bunker  
  23  2:30  Orbital Command  
  23  2:32  Barracks Reactor  
  23  2:34  Marine  
  23  2:36  Factory  
  24  2:52  Marine  
  25  3:11  Marine  
  25  3:12  Marine  
  27  3:16  Barracks Tech Lab  
  27  3:27  Command Center  
  27  3:28  Starport  
  27  3:29  Marine, SCV  
  29  3:48  Refinery  
  32  4:43  Marine x2  
  32  4:44  Marine  
  29  4:53  Hellion  
  29  4:55  SCV  
  30  5:01  Marine x2  
  30  5:02  Marine  
  30  5:07  SCV  
  28  5:18  Marine  
  28  5:19  Marine, SCV  
  28  5:20  Marine  
Tags
 
League
Silver
Matchup
TvZ
Replay Pack
Multiplayer
Spawn Locations
Cross Positions
Add a new tag
Caveats
  • Supply blocks, unpowered buildings, or Contaminate may cause inaccurate times.
  • Supply counts are checked every 10 seconds.